 Dungeon Crawl Stone Soup version 0.31-a0-364-gb59cdcccf2 (webtiles) character file.

Game seed: 2650389570594139755

12331 Ge0ff the Spear-Bearer (level 11, -3/90 HPs)
             Began as a Vine Stalker Cinder Acolyte on July 27, 2023.
             Was an Elder of Ignis.
             Slain by a large abomination (14 damage)
             ... in a Gauntlet.
             The game lasted 00:26:16 (12720 turns).

Ge0ff the Spear-Bearer (VSCA)                      Turns: 12720, Time: 00:26:16

Health: -3/90      AC: 36    Str: 22    XL:     11   Next: 91%
Magic:  0/16       EV:  2    Int: 14    God:    Ignis [****..]
Gold:   1520       SH:  4    Dex:  9    Spells: 14/16 levels left

rFire   + . .        a - +0 trident (venom)
rCold   . . .        A - +0 buckler of Fedhas {rN+ Regen+}
rNeg    + . .        r - melded +2 ring mail {rPois}
rPois   +            Q - melded +1 helmet
rElec   .            (cloak currently unavailable)
rCorr   .            (gloves currently unavailable)
SInv    .            I - melded +2 pair of boots
Will    +....        (no amulet)
Stlth   ++           Z - ring of flight {=R}
HPRegen 1.95/turn    O - +4 ring of protection
MPRegen 0.15/turn

%: no teleportation, guardian spirit
@: tree-form, fiery-armoured, hasted, very quick
A: stationary, stasis, torment immunity, boosted hp, (fangs 3), regeneration 1,
magic shield, (antimagic bite), no potion heal 2
a: Renounce Religion, Fiery Armour, Foxfire Swarm, Rising Flame


You were in a Gauntlet.
You worshipped Ignis.
Ignis was greatly pleased with you.
You were a tree.
You visited 1 branch of the dungeon, and saw 11 of its levels.
You also visited: Gauntlet.

You collected 1520 gold pieces.

Inventory:

Hand Weapons
 a - a +0 trident of venom (weapon)
 h - a +1 heavy hand axe
 t - a +1 whip of electrocution
 w - a +1 dagger of freezing
 D - a +0 spear of flaming
 E - a +1 dagger of distortion
 P - a +2 flail of protection
 R - a +0 trident
Missiles
 d - 5 javelins
 e - 59 stones
 g - 2 throwing nets {=F}
 v - a curare-tipped dart {=F}
 J - 9 boomerangs (quivered)
 K - 29 poisoned darts
Armour
 r - a +2 ring mail of poison resistance (melded)
 A - the +0 buckler of Fedhas (worn) {rN+ Regen+}
   (You acquired it on level 7 of the Dungeon)

   rN:        It protects you from negative energy.
   Regen:     It increases your rate of health regeneration.
 G - a +0 leather armour of positive energy
 I - a +2 pair of boots (melded)
 Q - a +1 helmet (melded)
Magical Staves
 b - a staff of fire
Jewellery
 x - a ring of ice
 N - a ring of protection from fire
 O - a +4 ring of protection (right branch)
 Z - a ring of flight (left branch) {=R}
Wands
 f - a wand of flame (7)
 j - a wand of quicksilver (16)
 s - a wand of mindburst (3)
Scrolls
 m - 2 scrolls of revelation
 B - a scroll of blinking
 C - a scroll of poison
 F - a scroll of fog
 T - 6 scrolls of teleportation
 W - a scroll of torment
Potions
 o - a potion of ambrosia
 q - 7 potions of curing
 u - a potion of mutation {!q}
 y - 2 potions of enlightenment {unknown}
 z - a potion of brilliance
 M - a potion of might
 S - a potion of cancellation {unknown}
 U - 2 potions of berserk rage {unknown}
 V - a potion of heal wounds {unknown}
 X - a potion of degeneration {unknown}


   Skills:
 + Level 7.9 Fighting
 + Level 10.8 Polearms
 - Level 5.0 Armour
 - Level 2.0 Dodging
 - Level 2.0 Stealth
 - Level 5.0 Shields
 - Level 3.0 Spellcasting
 - Level 7.0 Fire Magic
 - Level 5.0 Evocations


You had 14 spell levels left.
You knew the following spells:

 Your Spells              Type           Power      Damage    Failure   Level
C - Scorch                Fire           42%        2d6       2%          2

Your spell library contained the following spells:

 Spells                   Type           Power      Damage    Failure   Level
 Apportation              Tloc           4%         N/A       26%         1
 Necrotise                Necr           8%         1d4       26%         1
 Shock                    Conj/Air       8%         1d3       26%         1
 Summon Small Mammal      Summ           8%         N/A       26%         1
 Swiftness                Air            2%         N/A       58%         3
 Airstrike                Air            1%         2d(1-17)  94%         4


Dungeon Overview and Level Annotations

Branches:
Dungeon (11/15) Zot: 26928  Temple (0/1) D:7            Lair (0/5) D:8
    Orc (0/2) D:11        Gauntlet (1/1) Zot: 5787

Altars:
Cheibriados
Dithmenos
Gozag
Kikubaaqudgha
Qazlal
Trog
Vehumet
Wu Jian
Xom
Yredelemnul
The Shining One
Lugonu

Annotations:
D:1 glowing coal, 1*
D:7 2 transporters Gauntlet 11 transporters


Innate Abilities, Weirdness & Mutations

You are a tree.
Your roots penetrate the ground, keeping you stationary.
You cannot be teleported.
You are immune to unholy pain and torment.
Your maximum health is greatly increased.
Your equipment is partially melded.
((You have razor-sharp teeth.))
Your natural rate of healing is unusually fast.
When hurt, damage is shared between your health and your magic reserves.
((Your bite disrupts and absorbs the magic of your enemies.))
Potions cannot restore your health.


Message History

The large abomination is moderately damaged.
The large abomination hits you.
The large abomination is burned by your cloak of flames.
The large abomination is moderately damaged.
You hit the large abomination but do no damage.
The large abomination is moderately damaged.
You hit the large abomination but do no damage.
The large abomination is moderately damaged.
The large abomination hits you!!
* * * LOW HITPOINT WARNING * * *
You puncture the large abomination!
The large abomination is heavily damaged.
The large abomination hits you!
* * * LOW HITPOINT WARNING * * *
The large abomination is burned by your cloak of flames.
The large abomination is heavily damaged.
Really quaff
H - a potion of haste {!q}?
You feel yourself speed up.
The large abomination hits you but does no damage.
You hit the large abomination.
The large abomination is severely damaged.
You hit the large abomination.
The large abomination is severely damaged.
The large abomination hits you but does no damage.
The large abomination is burned by your cloak of flames.
The large abomination is almost destroyed.
You hit the large abomination.
The large abomination is almost destroyed.
You completely miss the large abomination.
The large abomination is almost destroyed.
The large abomination hits you!!
* * * LOW HITPOINT WARNING * * *
The large abomination is burned by your cloak of flames.
You destroy the large abomination!
Aiming: Quicksilver Bolt
Press: ? - help, Shift-Dir - straight line, f - large abomination
Aim: a large abomination (91% to hit)
The bolt of dispelling energy hits the large abomination!
The large abomination is lightly damaged.
The bolt of dispelling energy hits the small abomination!
The small abomination is heavily damaged.
Aiming: Quicksilver Bolt
Press: ? - help, Shift-Dir - straight line, f/p - large abomination
Aim: a large abomination (lightly damaged, 91% to hit)
The bolt of dispelling energy hits the large abomination!
The large abomination is heavily damaged.
The bolt of dispelling energy hits the small abomination!!
You destroy the small abomination!
The large abomination hits you!
You die...

.§.......∩..8..∩.......§.........
.....8......©......8.....8.....8.
.......###########.......©.......
####...#.##.x#.###...#########...
...#...#.^#.##.###...#b...h#.#...
#..#...#x..#..#.^#...#t##..#.#...
##.#...###.##.##©#...##b.##..#...
.#.#.8.###.##.##X#.8.##..©.b##.8§
.#.#...#.....^.#♣#...#bb##.b##...
##Y#...##.##.##.##...#h#[$##b#...
[YY#...#####.#####...#.#=©.bt#...
####...#x.=)©.xxX#...#########...
.#.....###########.....#.©.#.....
.#...8....#.©.#....8...#.8.#...8.
.#........#...#........#.©.#.....
#####.....#.©.#.....###########..
....#...#########...#kZ.......#..


You could see a fire crab, a large abomination, a hell hound, 2 small
abominations and 3 fire bats.

Vanquished Creatures
  2 two-headed ogres
  Pikel (D:7)
  Joseph (D:7)
  An elephant (D:8)
  5 unseen horror zombies (D:9)
  A meliai (D:8)
  Grinder (D:4)
  A troll (D:10)
  Prince Ribbit (D:9)
  A large abomination (Gauntlet)
  A shadow (D:10)
  A vampire (D:9)
  16 yaks
  3 wyverns
  4 steam dragons
  Edmund (D:5)
  2 water moccasins
  2 orc warriors (D:10)
  4 black bears
  4 ogres
  3 sky beasts
  2 centaurs
  3 lemures (D:7)
  2 kobold brigands
  4 bullfrogs
  2 gnoll sergeants
  16 killer bees
  2 electric eels (D:10)
  2 centaur zombies (D:9)
  8 hounds
  2 jellies
  7 orc priests
  4 iguanas
  6 orc wizards
  A sleepcap (D:8)
  A killer bee zombie (D:9)
  A small abomination (Gauntlet)
  2 howler monkey zombies (D:9)
  9 adders
  16 gnolls
  A shadow imp (D:5)
  2 ufetubi
  3 worms
  4 dart slugs
  43 orcs
  4 bats
  5 endoplasms
  A giant cockroach (D:3)
  11 goblins
  8 hobgoblins
  10 jackals
  7 quokkas
  11 ball pythons
  2 frilled lizards
  14 kobolds
  3 rats
275 creatures vanquished.

Vanquished Creatures (others)
  39 foxfires
39 creatures vanquished.

Grand Total: 314 creatures vanquished

Notes
Turn   | Place    | Note
-------+----------+-------------------------------------------
     0 | D:1      | Ge0ff the Vine Stalker Cinder Acolyte began the quest for
                  | the Orb.
     0 | D:1      | Reached XP level 1. HP: 11/11 MP: 3/3
    61 | D:1      | Reached skill level 1 in Stealth
   176 | D:1      | Reached XP level 2. HP: 11/16 MP: 2/4
   553 | D:1      | Reached skill level 3 in Polearms
   816 | D:2      | Reached XP level 3. HP: 18/19 MP: 3/5
   828 | D:2      | Reached skill level 1 in Armour
   831 | D:2      | Learned a level 2 spell: Scorch
  1050 | D:2      | Found a bloodstained altar of Trog.
  1251 | D:2      | Gained mutation: Your natural rate of healing is unusually
                  | fast. [Vine Stalker growth]
  1251 | D:2      | Reached XP level 4. HP: 19/24 MP: 4/7
  2192 | D:3      | Reached XP level 5. HP: 28/28 MP: 1/9
  2738 | D:3      | Reached skill level 5 in Fire Magic
  2880 | D:3      | Reached XP level 6. HP: 19/32 MP: 0/10
  3211 | D:3      | Found a shadowy altar of Dithmenos.
  3609 | D:3      | Reached skill level 1 in Dodging
  3941 | D:4      | Reached skill level 4 in Polearms
  4403 | D:4      | Reached XP level 7. HP: 36/36 MP: 6/11
  4576 | D:4      | Noticed Grinder
  4710 | D:4      | Killed Grinder
  4711 | D:4      | Reached skill level 5 in Polearms
  5372 | D:5      | Entered Level 5 of the Dungeon
  5471 | D:5      | Gained mutation: You have razor-sharp teeth. [Vine Stalker
                  | growth]
  5471 | D:5      | Reached XP level 8. HP: 40/40 MP: 6/13
  5780 | D:5      | Noticed Edmund
  5794 | D:5      | Killed Edmund
  6341 | D:5      | Reached skill level 6 in Polearms
  6397 | D:5      | Found a bloodstained altar of Trog.
  7249 | D:6      | Reached skill level 7 in Polearms
  7407 | D:6      | Reached XP level 9. HP: 44/44 MP: 9/14
  8286 | D:7      | Noticed Joseph
  8298 | D:7      | Killed Joseph
  8299 | D:7      | Reached skill level 1 in Evocations
  8605 | D:7      | Found a snail-covered altar of Cheibriados.
  8837 | D:7      | Found a transporter.
  8837 | D:7      | Noticed a brown ugly thing
  8838 | D:7      | Noticed a brown ugly thing
  8839 | D:7      | Found a corrupted altar of Lugonu.
  8840 | D:7      | Noticed a red ugly thing
  8840 | D:7      | Noticed a brown ugly thing
  8842 | D:7      | Identified 2 scrolls of acquirement
  8953 | D:7      | Noticed Pikel
  8971 | D:7      | Killed Pikel
  8972 | D:7      | Reached skill level 8 in Polearms
  9011 | D:7      | Found a transporter.
  9012 | D:7      | Acquired the +0 buckler of Fedhas {rN+ Regen+}
  9019 | D:7      | Acquired 834 gold pieces
  9323 | D:7      | Found a staircase to the Ecumenical Temple.
  9585 | D:8      | Reached skill level 1 in Shields
  9739 | D:8      | Reached skill level 5 in Fighting
  9739 | D:8      | Reached XP level 10. HP: 42/51 MP: 12/15
  9776 | D:8      | Reached skill level 9 in Polearms
  9944 | D:8      | Noticed a two-headed ogre
  9956 | D:8      | Killed a two-headed ogre
 10108 | D:8      | Noticed an elephant
 10123 | D:8      | Killed an elephant
 10124 | D:8      | Reached XP level 11. HP: 44/56 MP: 11/16
 10131 | D:8      | Found a staircase to the Lair.
 10200 | D:8      | Found an ornate altar of the Wu Jian Council.
 10229 | D:8      | Reached skill level 5 in Evocations
 10612 | D:9      | Found an ancient bone altar of Kikubaaqudgha.
 10672 | D:9      | Found a glowing golden altar of the Shining One.
 10786 | D:9      | Noticed Prince Ribbit
 10791 | D:9      | Killed Prince Ribbit
 10798 | D:9      | Found a radiant altar of Vehumet.
 10933 | D:9      | Found a basalt altar of Yredelemnul.
 10945 | D:9      | Reached skill level 5 in Shields
 10995 | D:9      | Noticed a two-headed ogre
 11009 | D:9      | Killed a two-headed ogre
 11010 | D:9      | Reached skill level 10 in Polearms
 11077 | D:9      | Reached skill level 5 in Armour
 11352 | D:9      | Found a shimmering altar of Xom.
 11548 | D:10     | Entered Level 10 of the Dungeon
 11699 | D:10     | Found an opulent altar of Gozag.
 12445 | D:11     | Found a stormy altar of Qazlal.
 12454 | D:11     | Found a gate leading to a gauntlet.
 12503 | Gauntlet | Entered a Gauntlet
 12503 | Gauntlet | Found a transporter.
 12512 | Gauntlet | Found a transporter.
 12513 | Gauntlet | Noticed a fire crab
 12533 | Gauntlet | Found a transporter.
 12533 | Gauntlet | Found a transporter.
 12554 | Gauntlet | Found a transporter.
 12554 | Gauntlet | Noticed a death drake
 12567 | Gauntlet | Found a transporter.
 12577 | Gauntlet | Noticed a moth of wrath
 12581 | Gauntlet | Found a transporter.
 12608 | Gauntlet | Found a transporter.
 12608 | Gauntlet | Found a transporter.
 12612 | Gauntlet | Noticed a dire elephant
 12614 | Gauntlet | Found a transporter.
 12648 | Gauntlet | Found a transporter.
 12648 | Gauntlet | Found a transporter.
 12720 | Gauntlet | Slain by a large abomination

Illustrated notes

Levels and vault maps discovered:
D:1:      mrwooster_arrival_statue, layout_loops_ring,
          chequers_serial_rivers_large_a, minmay_hexomino_p4
D:2:      layout_basic, basic_altar, hex_large
D:3:      cheibrodos_greedy_goblins, layout_loops_corners,
          mainiacjoe_overflow_tiny_flanked, kennysheep_generic_room_7
D:4:      layout_gridville, uniq_grinder
D:5:      layout_layer_cave, mainiacjoe_overflow_concentric_impassable,
          uniq_edmund
D:6:      layout_loops_corners
D:7:      gammafunk_corrupted_shrine, layout_basic,
          mainiacjoe_overflow_24_doors, minmay_temple_entry_enclosed_plants,
          uniq_joseph, uniq_pikel
D:8:      layout_basic, lemuel_crystal_altar, david_lair_generic,
          minmay_small_thing
D:9:      layout_loops_corners, mainiacjoe_overflow_alcove_2,
          mainiacjoe_overflow_catwalk, kiku_gazebo_pond_becter,
          nicolae_yredelemnul_corpse_copse, mainiacjoe_overflow_alcove_1,
          uniq_prince_ribbit1
D:10:     layout_roguey [special_room_orc], nicolae_overflow_crystal_walls,
          serial_bayou_lagoon_b
D:11:     layout_basic, david_orc_2, gauntlet_entry_generic,
          grunt_qazlal_clouds, uniq_nergalle
Gauntlet: minmay_gauntlet_mixed_oops_all_seconds
          [minmay_gauntlet_arena_77_hold_the_fort,
          gammafunk_gauntlet_arena_crates, minmay_gauntlet_arena_77_squiggly,
          nicolae_gauntlet_arena_blocks,
          minmay_gauntlet_arena_77_terracotta_army,
          nicolae_gauntlet_arena_t_cross, gauntlet_exit_green]

Skill      XL: |  1  2  3  4  5  6  7  8  9 10 11 |
---------------+----------------------------------+-----
Stealth        | 2 |  2.0
Polearms       | 3 4 5 7 8 9 10 | 10.8
Fighting       | 3 5 7 |  7.9
Armour         | 1 2 3 4 5 |  5.0
Spellcasting   | 2 3 |  3.0
Fire Magic     | 4 5 7 |  7.0
Dodging        | 1 2 |  2.0
Evocations     | 4 5 |  5.0
Shields        | 1 4 5 |  5.0

Action                     |  1- 3 |  4- 6 |  7- 9 | 10-12 || total
---------------------------+-------+-------+-------+-------++-------
  Melee: Spear             |    67 |    92 |    63 |       ||   222
         Bite              |     7 |    20 |    36 |   123 ||   186
         Punch             |     1 |       |     2 |       ||     3
         Trident           |       |       |    46 |   456 ||   502
  Throw: Stone             |     7 |       |     3 |     1 ||    11
         Javelin           |     1 |       |       |       ||     1
         Dart              |       |     1 |     4 |       ||     5
         Throwing net      |       |       |       |     1 ||     1
         Boomerang         |       |       |       |    15 ||    15
   Cast: Scorch            |     7 |    62 |    97 |     2 ||   168
 Invoke: Fiery Armour      |       |     1 |       |     1 ||     2
         Foxfire Swarm     |       |       |     2 |       ||     2
  Evoke: Wand              |       |       |    12 |    13 ||    25
    Use: Scroll            |     3 |     7 |     8 |     5 ||    23
         Potion            |       |       |       |     3 ||     3
   Stab: Sleeping          |       |       |     1 |     2 ||     3
         Distracted        |       |       |       |     1 ||     1
 Armour: Robe              |     2 |       |       |       ||     2
         Leather armour    |    10 |    21 |    48 |   169 ||   248
         Skin              |       |       |       |    25 ||    25
         Ring mail         |       |       |       |     2 ||     2
  Dodge: Dodged            |    32 |    68 |    59 |   170 ||   329
  Block: Buckler           |       |       |     1 |    59 ||    60

Table legend: (Time is in decaauts)
 A = Elapsed time spent in this place.
 B = Non-inter-level travel time spent in this place.
 C = Inter-level travel time spent in this place.
 D = Time resting spent in this place.
 E = Time spent auto-exploring this place.
 F = Levels seen in this place.
 G = Mean time per level.
                   A        B        C        D        E       F      G
               +--------+--------+--------+--------+--------+-----+--------+
         Total |  12657 |  12005 |    652 |    342 |   9433 |  12 | 1054.8 |
       Dungeon |  12445 |  11793 |    652 |    342 |   9269 |  11 | 1131.4 |
      Gauntlet |    212 |    212 |      0 |      0 |    164 |   1 |  212.0 |
               +--------+--------+--------+--------+--------+-----+--------+

Top non-repeatable levels by time:
     D:3: 1753 daAuts
     D:6: 1635 daAuts
     D:4: 1527 daAuts
     D:5: 1304 daAuts
     D:2: 1226 daAuts
     D:7: 1144 daAuts
     D:9: 1104 daAuts
     D:8: 959 daAuts
     D:1: 867 daAuts
    D:10: 849 daAuts
Gauntlet: 212 daAuts
    D:11: 71 daAuts
